 Dungeon Crawl Stone Soup version 0.27-a0-1084-g78b3836a5f (webtiles) character file.

Game seed: 5970782797553414928

108063 tardwrangler69 the Warrior (level 16, -1/145 HPs)
             Began as a Merfolk Gladiator on Apr 26, 2021.
             Was the Champion of Okawaru.
             Slain by an orc
             ... wielding a +0 flail
             ... led by an orc knight
              (8 damage)
             ... on level 15 of the Dungeon.
             The game lasted 00:40:26 (22073 turns).

tardwrangler69 the Warrior (Merfolk Gladiator)     Turns: 22073, Time: 00:40:26

Health: -1/145     AC: 13    Str: 28    XL:     16   Next: 48%
Magic:  21/22      EV: 22    Int:  8    God:    Okawaru [******]
Gold:   3106       SH: 19    Dex: 15    Spells: 15/15 levels left

rFire    + + .     SeeInvis .   e - +5 demon trident (venom)
rCold    + . .     Faith    .   E - +2 kite shield {reflect}
rNeg     . . .     Spirit   .   I - +2 leather armour {rC+}
rPois    .         Reflect  +   T - +0 hat of the Sturgeon {Fly rF+++ rC- Str+7}
rElec    .         Harm     .   f - +0 cloak of Entitlement {Slay+3}
rCorr    .         Rampage  .   o - +1 pair of gloves {Stlth+}
Will     +....                  (no boots)
Stlth    ++++......             v - amulet "Dinkil" {Regen+ Slay+6}
HPRegen  1.34/turn              b - +4 ring of protection
MPRegen  0.18/turn              R - ring of ice

@: about to teleport, heroic, flying, studying Fighting
A: (nimble swimmer 2), mertail
a: Renounce Religion, Heroism, Finesse


You were on level 15 of the Dungeon.
You worshipped Okawaru.
Okawaru was exalted by your worship.
You visited 3 branches of the dungeon, and saw 22 of its levels.
You also visited: Bailey, Gauntlet and Ice Cave.

You collected 3547 gold pieces.
You spent 441 gold pieces at shops.

Inventory:

Hand Weapons
 a - a +0 trident
 e - a +5 demon trident of venom (weapon)
 D - a +4 antimagic glaive
Missiles
 d - 10 throwing nets
 g - 7 silver javelins
 J - 5 curare-tipped darts
 Q - 17 javelins
 Z - 14 atropa-tipped darts
Armour
 f - the +0 cloak of Entitlement (worn) {Slay+3}
   (You found it in a Gauntlet)

   It affects your accuracy and damage with ranged weapons and melee attacks
   (+3).
 l - a +2 helmet
 o - a +1 pair of gloves of stealth (worn)
 y - a +2 cloak
 E - a +2 kite shield of reflection (worn)
 I - a +2 leather armour of cold resistance (worn)
 N - the +1 plate armour of the Demon Prince {rPois rC+ SInv}
   (Okawaru gifted it to you on level 2 of the Lair of Beasts)

   It protects you from cold.
   It protects you from poison.
   It lets you see invisible.
 T - the +0 hat of the Sturgeon (worn) {Fly rF+++ rC- Str+7}
   (You found it in a Gauntlet)

   It affects your strength (+7).
   It renders you almost immune to fire.
   It makes you vulnerable to cold.
   It grants you flight.
Jewellery
 b - a +4 ring of protection (left hand)
 c - an amulet of the acrobat
 h - the ring of Undoing {Fire Drain +Blink rN+ Slay+3}
   (You acquired it on level 13 of the Dungeon)

   [ring of fire]

   It enhances your fire magic.
   It affects your accuracy and damage with ranged weapons and melee attacks
   (+3).
   It protects you from fire.
   It makes you vulnerable to cold.
   It protects you from negative energy.
   It lets you blink.
   It drains your maximum health when unequipped.
 v - the amulet "Dinkil" (around neck) {Regen+ Slay+6}
   (You found it on level 5 of the Dungeon)

   [amulet of regeneration]

   It affects your accuracy and damage with ranged weapons and melee attacks
   (+6).
   It increases your rate of health regeneration.
 A - the ring "Parisynn" {rF+ rCorr Str-5 Dex+2 SInv}
   (You found it in a Gauntlet)

   [ring of see invisible]

   It affects your strength (-5).
   It affects your dexterity (+2).
   It protects you from fire.
   It lets you see invisible.
   It protects you from acid and corrosion.
 P - a ring of protection from fire
 R - a ring of ice (right hand)
 S - a ring of flight
Wands
 r - a wand of digging (14)
 B - a wand of mindburst (17)
 V - a wand of acid (17)
Scrolls
 i - 3 scrolls of vulnerability
 p - 2 scrolls of magic mapping
 q - a scroll of identify
 s - 4 scrolls of enchant armour
 x - 2 scrolls of silence
 C - 3 scrolls of amnesia
 G - 5 scrolls of blinking
 O - 5 scrolls of teleportation
 U - a scroll of enchant weapon
 X - a scroll of holy word
 Y - a scroll of fog
Potions
 j - 7 potions of attraction
 k - 3 potions of cancellation
 m - 5 potions of flight {unknown}
 n - 6 potions of curing
 t - a potion of invisibility
 u - a potion of mutation {unknown}
 w - 4 potions of brilliance
 z - 4 potions of lignification {unknown}
 F - 9 potions of heal wounds {unknown}
 H - 3 potions of magic {unknown}
 K - 2 potions of haste
 M - 3 potions of might {unknown}


   Skills:
 + Level 18.5(23.5) Fighting
 - Level 14.0(19.0) Polearms
 + Level 8.6(13.6) Throwing
 - Level 15.0(20.0) Dodging
 - Level 15.0(20.0) Shields
 - Level 9.0 Invocations


You had 15 spell levels left.
You didn't know any spells.
Your spell library contained the following spells:

 Spells                   Type           Power      Damage    Failure   Level
 Animate Skeleton         Necr           0%         N/A       43%         1
 Corona                   Hex            0%         N/A       43%         1
 Magic Dart               Conj           0%         1d3       43%         1
 Pain                     Necr           0%         1d4       43%         1
 Sting                    Tmut/Pois      0%         1d3       43%         1
 Blink                    Tloc           N/A        N/A       58%         2
 Ensorcelled Hibernation  Hex/Ice        0%         N/A       58%         2
 Poisonous Vapours        Pois/Air       0%         N/A       58%         2
 Searing Ray              Conj           0%         3d3       58%         2
 Confusing Touch          Hex            0%         N/A       82%         3
 Dazzling Flash           Conj/Hex       0%         N/A       82%         3
 Frozen Ramparts          Ice            0%         1d2       82%         3
 Gell's Gravitas          Tloc           0%         N/A       82%         3
 Ignite Poison            Fire/Tmut/Pois 0%         N/A       82%         3
 Lesser Beckoning         Tloc           0%         N/A       82%         3
 Mephitic Cloud           Conj/Pois/Air  0%         N/A       82%         3
 Portal Projectile        Hex/Tloc       0%         N/A       82%         3
 Summon Guardian Golem    Hex/Summ       0%         N/A       82%         3
 Teleport Other           Tloc           0%         N/A       82%         3
 Tukima's Dance           Hex            0%         N/A       82%         3
 Vampiric Draining        Necr           0%         2d6       82%         3
 Animate Dead             Necr           0%         N/A       99%         4
 Fulminant Prism          Conj/Hex       0%         3d6       99%         4
 Iskenderun's Mystic Bla  Conj/Tloc      0%         2d3       99%         4
 Olgreb's Toxic Radiance  Pois           0%         N/A       99%         4
 Agony                    Necr           0%         N/A       100%        5
 Manifold Assault         Tloc           0%         N/A       100%        5
 Statue Form              Tmut/Erth      0%         N/A       100%        6
 Dragon Form              Tmut           0%         N/A       100%        7


Dungeon Overview and Level Annotations

Branches:
Dungeon (15/15)            Temple (1/1) D:6            Lair (6/6) D:10
  Swamp (0/4) Lair:4       Spider (0/4) Lair:3        Slime (0/5) Lair:5
    Orc (0/2) D:11         Vaults (0/5) D:14         Bailey (visited)
  IceCv (visited)         Gauntlet (visited)
 Depths: D:15

Altars:
Ashenzari
Cheibriados
Dithmenos
Elyvilon
Fedhas
Gozag
Hepliaklqana
Kikubaaqudgha
Makhleb
Nemelex Xobeh
Okawaru
Qazlal
Ru
Sif Muna
Trog
Uskayaw
Vehumet
Wu Jian
Xom
Yredelemnul
Zin
The Shining One
Beogh
Jiyva

Shops:
D:1 (   D:4 =   D:7 [   D:11 *(

Portals:
Bazaar: D:11

Annotations:
D:9 1 runed translucent door, HendSelp's ghost, novice TeGl
Lair:3 2 transporters, noodleboyJ's ghost, journeyman DrCK
Lair:6 exclusion: 4 oklob plants


Innate Abilities, Weirdness & Mutations

((You are quick and stealthy near water. (Stealth+, EV+, Speed+++)))
Your lower body shifts to a powerful aquatic tail in water.


Message History

The orc warrior misses you.
The orc knight hits you with a +0 dire flail!!
You puncture the orc knight!
The orc knight is severely wounded.
You block the orc's attack.
You barely miss the orc knight.
The orc knight is severely wounded.
The orc knight completely misses you.
The orc warrior hits you from afar with a +0 glaive!!
* * * LOW HITPOINT WARNING * * *
The orc warrior hits you with a +1 mace of protection.
* * * LOW HITPOINT WARNING * * *
A centaur warrior comes into view.
You block the orc's attack.
Okay, then.
Unknown command.
Okay, then.
Unknown command.
As you read the scroll of teleportation, it crumbles to dust.
You feel strangely unstable.
The centaur warrior wields a +0 longbow.
The centaur warrior shoots an arrow.
The arrow hits you!
* * * LOW HITPOINT WARNING * * *
You block the orc's attack.
The orc warrior hits you from afar with a +0 glaive.
* * * LOW HITPOINT WARNING * * *
You block the orc knight's attack.
You feel better. You block the orc warrior's attack.
The orc knight closely misses you.
The centaur warrior shoots an arrow.
The arrow hits you!
* * * LOW HITPOINT WARNING * * *
You feel better. The orc misses you.
The centaur warrior shoots an arrow.
You reflect the arrow off your +2 kite shield of reflection!
The arrow completely misses the centaur warrior.
You block the orc warrior's attack. You block the orc knight's attack.
Something hits you but does no damage.
The centaur warrior shoots an arrow.
The arrow hits you.
* * * LOW HITPOINT WARNING * * *
The orc hits you with a +0 flail!
You die...

#..#
.##############..######
.......................
........[..............
......≈.≈..............
##.≈≈≈≈##############
###≈≈_.≈.#
....≈≈≈≈.o##########
....≈≈..≈oo.@.......
...........o........
#############.......
..c.... ....... .......
....... .......


You could see an orc knight (extremely poisoned), a centaur warrior, 2 orc
warriors and an orc (strong).

Vanquished Creatures
  Jorgrun (D:12)
  Gastronok (Lair:1)
  An orc warlord (D:12)
  A reaper (Gauntlet)
  Nessos (D:12)
  Azrael (D:13)
  A dire elephant (Lair:6)
  A minotaur (Gauntlet)
  Josephine (Lair:5)
  Erolcha (D:13)
  Harold (D:7)
  4 boulder beetles
  2 two-headed ogres
  9 hydras
  A catoblepas (Lair:6)
  3 centaur warriors
  2 dancing weapons (D:14)
  12 death yaks (Lair:6)
  A deep troll shaman (Lair:6)
  An orc high priest (D:12)
  A tengu warrior (D:13)
  Sonja (Lair:6)
  5 skeletal warriors (D:14)
  A lindwurm (Lair:6)
  2 bog bodies (Lair:4)
  3 orc knights
  2 deep elf pyromancers
  An orc sorcerer (D:12)
  8 ugly things
  5 cyclopes
  3 manticores
  Maurice (D:13)
  35 elephants
  3 ice statues (IceCv)
  A torpor snail (Lair:6)
  2 black mambas
  A gargoyle (D:11)
  12 cane toads
  3 rime drakes
  A cane toad (shapeshifter) (D:14)
  An unseen horror (D:13)
  9 komodo dragons
  An efreet (D:13)
  A hellion (Gauntlet)
  7 kobold demonologists
  2 freezing wraiths (D:14)
  2 hellwings (Gauntlet)
  A troll (D:9)
  6 polar bears (Lair:6)
  Prince Ribbit (D:7)
  15 slime creatures
  17 blink frogs
  A shadow (D:12)
  7 wraiths
  2 vampires
  2 fire elementals (D:13)
  5 basilisks
  84 yaks
  3 steam dragons (D:7)
  An acid dragon (D:12)
  2 swamp worms (Gauntlet)
  17 water moccasins
  6 hell hounds
  3 black bears
  7 ice beasts
  A sky beast (D:7)
  28 orc warriors
  A necrophage (D:6)
  13 centaurs
  2 ogres
  18 wolves
  3 boggarts (D:15)
  A phantom (D:4)
  7 bullfrogs
  2 kobold brigands (D:10)
  A scorpion (D:5)
  4 gnoll sergeants
  5 killer bees (D:8)
  4 wights (D:7)
  14 electric eels
  A centaur zombie (D:5)
  5 howler monkeys
  A bullfrog zombie (D:6)
  2 jellies
  10 orc priests
  A bullfrog skeleton (D:6)
  Crazy Yiuf (D:5)
  9 hounds
  A gnoll shaman (D:8)
  Natasha (thrice) (D:4)
  An iguana (D:7)
  8 orc wizards
  A hound skeleton (D:5)
  A howler monkey zombie (D:10)
  Robin (D:2)
  26 gnolls
  8 adders
  4 white imps
  2 ufetubi
  3 worms
  3 dart slugs
  37 orcs
  4 bats
  12 endoplasms
  5 giant cockroaches
  22 hobgoblins
  7 jackals
  3 quokkas
  6 ball pythons
  4 frilled lizards
  20 goblins
  19 kobolds
  9 rats
  A butterfly (Lair:1)
685 creatures vanquished.

Vanquished Creatures (others)
  A boggart (D:15)
  An orc wizard (D:12)
  3 bushes
  39 fungi
  47 plants
  15 withered plants (Gauntlet)
106 creatures vanquished.

Grand Total: 791 creatures vanquished

Notes
Turn   | Place    | Note
-------+----------+-------------------------------------------
     0 | D:1      | tardwrangler69 the Merfolk Gladiator began the quest for
                  | the Orb.
     0 | D:1      | Reached XP level 1. HP: 16/16 MP: 1/1
     1 | D:1      | Found a runed translucent door.
     2 | D:1      | Noticed a jelly
   206 | D:1      | Found Kyschuwog's Antique Weapon Boutique.
   347 | D:1      | Found a faded altar of an unknown god.
   362 | D:1      | Reached skill level 5 in Polearms
   362 | D:1      | Reached XP level 2. HP: 23/23 MP: 2/2
   965 | D:1      | Reached XP level 3. HP: 28/28 MP: 3/3
  1186 | D:1      | Reached skill level 3 in Fighting
  1186 | D:1      | Reached XP level 4. HP: 8/35 MP: 4/4
  1320 | D:1      | Identified a scroll of acquirement
  1320 | D:1      | Acquired a +4 demon trident of venom
  1695 | D:1      | Found Kyschuwog's Antique Weapon Boutique.
  1723 | D:1      | Found a faded altar of an unknown god.
  2261 | D:2      | Noticed Robin
  2272 | D:2      | Killed Robin
  2424 | D:2      | Reached XP level 5. HP: 41/41 MP: 5/5
  4091 | D:4      | Found Zasicros's Jewellery Shoppe.
  4132 | D:4      | Noticed a phantom
  4220 | D:4      | Noticed Natasha
  4226 | D:4      | Killed Natasha
  4227 | D:4      | Reached skill level 4 in Fighting
  4292 | D:4      | Noticed Natasha
  4299 | D:4      | Killed Natasha
  4300 | D:4      | Reached XP level 6. HP: 36/48 MP: 6/6
  4355 | D:4      | Noticed Natasha
  4359 | D:4      | Killed Natasha
  5014 | D:5      | Entered Level 5 of the Dungeon
  5080 | D:5      | Identified the amulet "Dinkil" {Regen+ Slay+6}
  5114 | D:5      | Reached XP level 7. HP: 55/55 MP: 7/7
  5117 | D:5      | Reached skill level 1 in Shields
  5142 | D:5      | Reached skill level 5 in Fighting
  5200 | D:5      | Reached skill level 10 in Polearms
  5276 | D:5      | Reached XP level 8. HP: 63/63 MP: 8/8
  5371 | D:5      | Found a runed translucent door.
  5372 | D:5      | Noticed Crazy Yiuf
  5525 | D:5      | Killed Crazy Yiuf
  5691 | D:6      | Reached skill level 6 in Fighting
  5738 | D:6      | Found a staircase to the Ecumenical Temple.
  5758 | Temple   | Entered the Ecumenical Temple
  6102 | D:6      | Found an iron altar of Okawaru.
  6111 | D:6      | Became a worshipper of Warmaster Okawaru
  6558 | D:7      | Noticed Prince Ribbit
  6563 | D:7      | Killed Prince Ribbit
  6564 | D:7      | Reached skill level 7 in Fighting
  6564 | D:7      | Reached XP level 9. HP: 72/72 MP: 9/9
  6615 | D:7      | Found Epeiwny's Armour Boutique.
  6652 | D:7      | Noticed Harold
  6664 | D:7      | Reached * piety under Okawaru
  7221 | D:7      | Killed Harold
  7221 | D:7      | Reached ** piety under Okawaru
  7222 | D:7      | Reached skill level 9 in Fighting
  7222 | D:7      | Reached XP level 10. HP: 35/84 MP: 7/10
  7378 | D:7      | Reached skill level 10 in Fighting
  7602 | D:8      | Identified the +2 trident of Magnificence {flame, Fly MP+9
                  | Stlth+}
  7821 | D:8      | Found Oczentax's Antique Weapon Emporium.
  7856 | D:8      | Reached skill level 11 in Fighting
  8018 | D:8      | Reached *** piety under Okawaru
  8413 | D:4      | Bought a +4 ring of protection for 396 gold pieces
  8470 | D:7      | Bought a +0 pair of gloves for 45 gold pieces
  8677 | D:9      | Found a runed translucent door.
  8680 | D:9      | Noticed HendSelp's ghost (novice TeGl)
  8765 | D:8      | Acquired a +1 buckler of protection
  8778 | D:8      | Acquired 1117 gold pieces
  8781 | D:8      | Acquired 650 gold pieces
  8805 | D:9      | Reached skill level 12 in Fighting
  9207 | D:10     | Entered Level 10 of the Dungeon
  9398 | D:10     | Noticed a two-headed ogre
  9404 | D:10     | Killed a two-headed ogre
  9404 | D:10     | Reached **** piety under Okawaru
  9404 | D:10     | Received a gift from Okawaru
  9509 | D:10     | Found a staircase to the Lair.
  9527 | D:10     | Reached XP level 11. HP: 96/96 MP: 11/11
  9698 | D:10     | Noticed a cyclops
  9716 | D:10     | Killed a cyclops
 10011 | D:11     | Found a gateway to a bazaar.
 10204 | D:11     | Found Isyin's Weapon Boutique.
 10245 | D:11     | Found Biadwanotub's General Store.
 10267 | D:11     | Noticed a cyclops
 10283 | D:11     | Killed a cyclops
 10386 | D:11     | Found a staircase to the Orcish Mines.
 10398 | D:11     | Reached ***** piety under Okawaru
 10399 | D:11     | Reached skill level 13 in Fighting
 10468 | D:11     | You fall into a shaft and drop 1 floor!
 10579 | D:11     | Noticed a manticore
 10587 | D:11     | Killed a manticore
 10588 | D:11     | Reached skill level 10 in Dodging
 10852 | D:11     | Noticed a cyclops
 10864 | D:11     | Killed a cyclops
 10864 | D:11     | Received a gift from Okawaru
 11059 | D:12     | Noticed Nessos
 11109 | Lair:1   | Entered Level 1 of the Lair of Beasts
 11201 | Lair:1   | Noticed a five-headed hydra
 11211 | Lair:1   | Killed a five-headed hydra
 11253 | Lair:1   | Reached XP level 12. HP: 106/106 MP: 12/12
 11558 | Lair:1   | Noticed Gastronok
 11587 | Lair:1   | Killed Gastronok
 11587 | Lair:1   | Reached ****** piety under Okawaru
 11588 | Lair:1   | Reached skill level 14 in Fighting
 11753 | Lair:2   | Identified the +1 plate armour of the Demon Prince {rPois
                  | rC+ SInv} (Okawaru gifted it to you on level 2 of the Lair
                  | of Beasts)
 11753 | Lair:2   | Received a gift from Okawaru
 11755 | Lair:2   | Noticed a boulder beetle
 11790 | Lair:2   | Killed a boulder beetle
 12002 | Lair:2   | Noticed a boulder beetle
 12011 | Lair:2   | Killed a boulder beetle
 12275 | Lair:2   | Noticed a five-headed hydra
 12285 | Lair:2   | Killed a five-headed hydra
 12441 | Lair:2   | Reached skill level 15 in Dodging
 12484 | Lair:2   | Reached skill level 15 in Fighting
 12487 | Lair:2   | Reached skill level 1 in Invocations
 12517 | Lair:2   | Reached XP level 13. HP: 115/115 MP: 12/14
 12865 | Lair:3   | Identified the +5 hunting sling of Girar {freeze, rC- Str-4
                  | Int+6} (Okawaru gifted it to you on level 3 of the Lair of
                  | Beasts)
 12865 | Lair:3   | Received a gift from Okawaru
 12878 | Lair:3   | Reached skill level 5 in Shields
 13046 | Lair:3   | Found a gate leading to a gauntlet.
 13058 | Gauntlet | Entered a Gauntlet
 13058 | Gauntlet | Found a transporter.
 13058 | Gauntlet | Found a transporter.
 13062 | Gauntlet | Found a transporter.
 13062 | Gauntlet | Found a transporter.
 13080 | Gauntlet | Found a transporter.
 13088 | Gauntlet | Found a transporter.
 13088 | Gauntlet | Found a transporter.
 13088 | Gauntlet | Noticed a reaper
 13092 | Gauntlet | Found a transporter.
 13095 | Gauntlet | Noticed a balrug
 13098 | Gauntlet | Found a transporter.
 13104 | Gauntlet | Found a transporter.
 13150 | Gauntlet | Found a transporter.
 13196 | Gauntlet | Found a transporter.
 13212 | Gauntlet | Found a transporter.
 13300 | Gauntlet | Found a transporter.
 13314 | Gauntlet | Found a transporter.
 13328 | Gauntlet | Found a transporter.
 13541 | Gauntlet | Identified the +0 cloak of Entitlement {Slay+3}
 13624 | Gauntlet | Reached skill level 5 in Invocations
 13631 | Gauntlet | Killed a reaper
 13697 | Gauntlet | Identified the ring "Parisynn" {rF+ rCorr Str-5 Dex+2 SInv}
 13730 | Gauntlet | Identified the +4 trident "Toastu Qicy" {protect, Contam
                  | rPois rF+ Dex+2}
 13730 | Gauntlet | Noticed a minotaur
 13731 | Gauntlet | Found the +4 robe of Augmentation {Str+4 Int+4 Dex+4}
 13744 | Gauntlet | Killed a minotaur
 13753 | Gauntlet | Identified the Almanac of Moulding
 13758 | Gauntlet | Identified the +0 hat of the Sturgeon {Fly rF+++ rC- Str+7}
 13818 | Lair:3   | Found a transporter.
 13824 | Lair:3   | Noticed noodleboyJ's ghost (journeyman DrCK)
 13841 | Lair:3   | Found a hole to the Spider Nest.
 13901 | Lair:3   | Found a bloodstained altar of Trog.
 13918 | Lair:3   | Found a transporter.
 13949 | Lair:3   | Received a gift from Okawaru
 14777 | Lair:4   | Found a staircase to the Swamp.
 15090 | Lair:5   | Found a shimmering altar of Xom.
 15208 | Lair:5   | Reached XP level 14. HP: 123/123 MP: 20/20
 15444 | Lair:5   | Reached skill level 10 in Shields
 15445 | Lair:5   | Received a gift from Okawaru
 15445 | Lair:5   | Noticed Josephine
 15470 | Lair:5   | Killed Josephine
 15623 | Lair:5   | Found a viscous altar of Jiyva.
 15624 | Lair:5   | Found a staircase to the Slime Pits.
 15770 | Lair:6   | Entered Level 6 of the Lair of Beasts
 15966 | Lair:6   | Found a frozen archway.
 15971 | IceCv    | Entered an ice cave
 16527 | Lair:6   | Received a gift from Okawaru
 16613 | Lair:6   | Reached XP level 15. HP: 121/129 MP: 21/21
 16622 | Lair:6   | Noticed Sonja
 16628 | Lair:6   | Killed Sonja
 16701 | Lair:6   | Identified the Volume of Icy Malediction
 17053 | Lair:6   | Received a gift from Okawaru
 17124 | Lair:6   | Reached skill level 15 in Shields
 17836 | D:12     | Noticed Jorgrun
 17853 | D:12     | Killed Jorgrun
 18128 | D:12     | Noticed an orc warlord
 18146 | D:12     | Killed an orc warlord
 18147 | D:12     | Reached skill level 16 in Fighting
 18188 | D:12     | Reached skill level 5 in Throwing
 18699 | D:12     | Found a stormy altar of Qazlal.
 18775 | D:12     | Killed Nessos
 19203 | D:13     | Noticed Erolcha
 19214 | D:13     | Received a gift from Okawaru
 19219 | D:13     | Found a broken altar of Ashenzari.
 19243 | D:13     | Found a flagged portal.
 19252 | Bailey   | Entered a bailey
 19318 | Bailey   | Found an iron altar of Okawaru.
 19786 | D:13     | Reached skill level 17 in Fighting
 19786 | D:13     | Reached XP level 16. HP: 141/141 MP: 22/22
 19823 | D:13     | Killed Erolcha
 19924 | D:13     | Noticed Azrael
 19928 | D:13     | Noticed Maurice
 19938 | D:13     | Killed Azrael
 19953 | D:13     | Killed Maurice
 20629 | D:13     | Acquired the ring of Undoing {Fire Drain +Blink rN+ Slay+3}
 20674 | D:14     | Found a gate to the Vaults.
 20689 | D:14     | Identified the +1 crystal plate armour "Boshen" {Rampage
                  | +Blink Str-2} (Okawaru gifted it to you on level 14 of the
                  | Dungeon)
 20689 | D:14     | Received a gift from Okawaru
 21034 | D:14     | Reached skill level 18 in Fighting
 21888 | D:15     | Entered Level 15 of the Dungeon
 22046 | D:15     | Found a blossoming altar of Fedhas.
 22071 | D:15     | HP: 6/145 [centaur warrior/arrow (15)]
 22073 | D:15     | Slain by an orc

Illustrated notes

Levels and vault maps discovered:
D:1:      dpeg_arrival_caged_fury, layout_basic, shapermc_ecumenical_altar_venn,
          serial_shops, shop
D:2:      layout_loops_ring, uniq_robin
D:3:      minmay_spotlight, layout_basic
D:4:      layout_basic, serial_shops, kennysheep_little_box,
          grunt_decor_one_mirror, uniq_natasha
D:5:      layout_rooms, uniq_crazy_yiuf_cottage
D:6:      layout_basic, okawaru_metal_pillars_1_2, minmay_temple_entry_mist
D:7:      layout_basic, serial_shops, kennysheep_mini_moat,
          nicolae_benzene_ring, st_stairs_1, kennysheep_boxes,
          uniq_prince_ribbit1, uniq_harold
D:8:      layout_cave_pools, serial_gnoll_camp, gnoll_camp_mini_loothouse,
          gnoll_camp_mini_house, gnoll_camp_mini_house,
          gnoll_camp_mini_doghouse, gnoll_camp_mini_house, gnoll_camp_mini_shop
D:9:      layout_basic, ebering_ghost_reflecting_pool, minivault_16
D:10:     layout_basic, david_lair_shrubbed, serial_glass, glass_columns_b,
          glass_columns_a, glass_columns_a
D:11:     layout_stronghold, david_orc_2, serial_shops, bzr_entry_gold,
          shop_statue, shop, minmay_misc_feat_iff
D:12:     orc_temple, layout_irregular_city, nicolae_qazlal_scattered_showers,
          uniq_jorgrun, uniq_nessos
D:13:     layout_basic, enter_bailey_3, ashenzari_altar_1, uniq_erolcha,
          uniq_azrael, uniq_maurice
D:14:     layout_layer_cave, erik_vaults_1, hellmonk_bongcloud_opening
D:15:     hangedman_depths_entry_try_elsewhere_first, layout_long_grid,
          ploomutoo_gammafunk_ghost_potion_laboratory, fedhas_altar_2,
          nrook_campfire
Temple:   kilobyte_greek_temple
Lair:1:   layout_gridlike, lemuel_fruit_fields, grunt_megastairs_2,
          uniq_gastronok
Lair:2:   layout_regular_city, nzn_sisyphean_effort
Lair:3:   layout_hall_layers, spider_nest_entry_web_field,
          gammafunk_ghost_wrathful_warriors, gauntlet_entry_generic,
          lemuel_fruit_tree
Lair:4:   layout_regular_city, skrybe_swamp_entry_bodies
Lair:5:   layout_misc_corridors, dpeg_slime_entry_enclosed_altar, basic_altar,
          chequers_serial_rivers_micro_c, uniq_josephine
Lair:6:   grunt_lair_end_beastmaster, layout_layer_cave,
          portal_ice_cave_entry_pillars_1, nicolae_quartered_pool_medium,
          minmay_lair_oklob_chamber, uniq_sonja

Skill      XL: |  1  2  3  4  5  6  7  8  9 10 11 12 13 14 15 16 |
---------------+-------------------------------------------------+-----
Polearms       | 5 6 7 8 9 10 12 14 | 14.0
Fighting       | 3 4 5 7 9 12 13 15 17 18 | 18.5
Shields        | 2 4 8 13 15 | 15.0
Dodging        | 6 12 15 | 15.0
Invocations    | 1 8 9 |  9.0
Throwing       | 6 8 |  8.6

Action                   |  1- 3 |  4- 6 |  7- 9 | 10-12 | 13-15 | 16-18 || total
-------------------------+-------+-------+-------+-------+-------+-------++-------
Melee: Trident           |    83 |    23 |       |       |       |       ||   106
       Demon trident     |       |   133 |   112 |   539 |  1069 |   236 ||  2089
Invok: Heroism           |       |       |     1 |     9 |    16 |     2 ||    28
       Finesse           |       |       |       |       |     4 |       ||     4
Evoke: Wand              |       |       |     9 |       |     4 |       ||    13
       Tin of tremorston |       |       |       |       |     2 |       ||     2
  Use: Scroll            |       |     3 |     3 |    13 |     8 |     2 ||    29
       Potion            |       |     1 |     1 |     1 |     1 |     2 ||     6
 Stab: Sleeping          |     4 |     5 |     2 |     3 |     4 |     1 ||    19
       Distracted        |       |     1 |       |       |     2 |       ||     3
       Petrifying        |       |       |       |       |     1 |       ||     1
       Petrified         |       |       |       |       |     1 |       ||     1
Armor: Leather armour    |     8 |    21 |    10 |    98 |   126 |    21 ||   284
Dodge: Dodged            |    48 |    56 |    26 |   247 |   425 |    79 ||   881
Block: Kite shield       |       |     4 |       |       |   160 |   113 ||   277
       Buckler           |       |     4 |     7 |    87 |   137 |       ||   235
       Reflection        |       |       |       |       |       |     5 ||     5

Table legend: (Time is in decaauts)
 A = Elapsed time spent in this place.
 B = Non-inter-level travel time spent in this place.
 C = Inter-level travel time spent in this place.
 D = Time resting spent in this place.
 E = Time spent auto-exploring this place.
 F = Levels seen in this place.
 G = Mean time per level.
                   A        B        C        D        E       F      G
               +--------+--------+--------+--------+--------+-----+--------+
         Total |  21182 |  19970 |   1212 |    511 |  15630 |  25 |  847.3 |
       Dungeon |  14295 |  13285 |   1010 |    305 |  10869 |  15 |  953.0 |
        Temple |    204 |    170 |     34 |      0 |    167 |   1 |  204.0 |
          Lair |   5283 |   5115 |    168 |    206 |   3725 |   6 |  880.5 |
        Bailey |    427 |    427 |      0 |      0 |    277 |   1 |  427.0 |
      Ice Cave |    290 |    290 |      0 |      0 |    152 |   1 |  290.0 |
      Gauntlet |    681 |    681 |      0 |      0 |    439 |   1 |  681.0 |
               +--------+--------+--------+--------+--------+-----+--------+

Top non-repeatable levels by time:
     D:1: 2246 daAuts
  Lair:6: 1450 daAuts
    D:14: 1281 daAuts
    D:12: 1222 daAuts
    D:11: 1113 daAuts
     D:3: 1092 daAuts
     D:7: 1015 daAuts
     D:4: 971 daAuts
    D:13: 929 daAuts
  Lair:2: 874 daAuts
  Lair:1: 818 daAuts
    D:10: 801 daAuts
  Lair:4: 769 daAuts
     D:6: 766 daAuts
     D:2: 734 daAuts
